 Dungeon Crawl Stone Soup version 0.31-a0-819-gf6de2f5ab6 (webtiles) character file.

Game seed: 2666707183982134881

994 Kurtz the Cleaver (level 8, 0/54 HPs)
             Began as an Octopode Fighter on Sept 25, 2023.
             Was a Follower of Makhleb.
             Succumbed to a gnoll sergeant's poison
             ... on level 5 of the Dungeon.
             The game lasted 00:04:37 (3796 turns).

Kurtz the Cleaver (Octopode Fighter)                Turns: 3796, Time: 00:04:38

Health: 0/54       AC:  8    Str: 16    XL:     8   Next: 19%
Magic:  18/18      EV: 13    Int: 10    God:    Makhleb [*.....]
Gold:   193        SH:  5    Dex: 13    Spells: 7/7 levels left

rFire   . . .        z - +2 mace (protect)
rCold   . . .        b - +0 buckler
rNeg    + . .        (helmet restricted)
rPois   .            (no amulet)
rElec   .            f - ring of wizardry
rCorr   .            o - ring of magical power
SInv    .            y - ring of positive energy
Will    .....        (no ring)
Stlth   ++           (no ring)
HPRegen 0.29/turn    (no ring)
MPRegen 0.16/turn    (no ring)
                     (no ring)

%: wizardry (x1)
@: lethally poisoned (0 -> -22), under a protective aura
A: almost no armour, amphibious, 8 rings, camouflage 1, gelatinous body 1,
(nimble swimmer 1), tentacles
a: Renounce Religion


You were on level 5 of the Dungeon.
You worshipped Makhleb.
Makhleb was aware of your devotion.
You visited 2 branches of the dungeon, and saw 6 of its levels.

You collected 213 gold pieces.
You spent 20 gold pieces at shops.

Inventory:

Hand Weapons
 a - a +0 war axe
 z - a +2 mace of protection (weapon)
Missiles
 q - 6 poisoned darts
Armour
 b - a +0 buckler (worn)
Jewellery
 f - a ring of wizardry (left tentacle)
 o - a ring of magical power (right tentacle)
 y - a ring of positive energy (on tentacle)
Wands
 u - a wand of flame (11) (quivered)
 A - a wand of polymorph (3)
Scrolls
 h - 3 scrolls of teleportation
 i - a scroll of immolation
 j - a scroll of poison {unknown}
 m - a scroll of enchant weapon {unknown}
 n - a scroll of brand weapon {unknown}
 r - a scroll of fear {unknown}
 t - a scroll of summoning {unknown}
 v - 2 scrolls of amnesia
 B - a scroll of vulnerability {unknown}
Potions
 c - a potion of might
 e - 2 potions of lignification {unknown}
 g - a potion of attraction
 k - 2 potions of cancellation
 l - 2 potions of mutation
 p - a potion of heal wounds
 s - a potion of magic {unknown}
 w - a potion of brilliance {unknown}
 x - a potion of enlightenment {unknown}


   Skills:
 * Level 3.8 Fighting
 * Level 8.2 Axes
 * Level 3.8 Dodging
 * Level 3.5 Shields
 * Level 2.1 Invocations


You had 7 spell levels left.
You didn't know any spells.
Your spell library contained the following spells:

 Spells                   Type           Power      Damage    Failure   Level
 Freeze                   Ice            0%         1d3       19%         1
 Magic Dart               Conj           0%         1d3       19%         1
 Call Imp                 Summ           0%         N/A       28%         2
 Frozen Ramparts          Ice            0%         1d1       47%         3
 Hailstorm                Conj/Ice       0%         3d3       47%         3
 Mephitic Cloud           Conj/Pois/Air  0%         N/A       47%         3


Dungeon Overview and Level Annotations

Branches:
Dungeon (5/15)             Temple (1/1) D:4

Altars:
Ashenzari
Cheibriados
Dithmenos
Elyvilon
Gozag
Hepliaklqana
Kikubaaqudgha
Makhleb
Nemelex Xobeh
Okawaru
Qazlal
Ru
Sif Muna
Trog
Uskayaw
Vehumet
Xom
Yredelemnul
Zin
The Shining One

Shops:
D:1 ?

Annotations:
D:3 exclusion: downstairs


Innate Abilities, Weirdness & Mutations

You cannot wear most types of armour.
You are amphibious.
You can wear up to eight rings at the same time.
Your skin changes colour to match your surroundings (Stealth+).
Your rubbery body absorbs attacks. (AC +1, EV +1)
((You are camouflaged when in or above water. (Stealth+)))
You have tentacles for arms and can constrict up to eight enemies at once.


Message History

Makhleb accepts your kill.
You feel very sick.
The gnoll sergeant hits you from afar with a +1 spear of venom.
You are lethally poisoned!
The gnoll hits you with a +0 club. The gnoll sergeant misses you.
You closely miss the gnoll. You grab the gnoll. You constrict the gnoll.
* * * LOW HITPOINT WARNING * * *
You feel extremely sick. The gnoll hits you but does no damage.
The gnoll sergeant hits you from afar with a +1 spear of venom.
* * * LOW HITPOINT WARNING * * *
You are more poisoned.
You feel much better.
You constrict the gnoll.
You feel extremely sick. The gnoll barely misses you.
You block the gnoll sergeant's attack.
You feel better.
You constrict the gnoll. The gnoll hits you with a +0 club.
The gnoll sergeant barely misses you.
You hit the gnoll.
Your weapon exudes an aura of protection.
The gnoll is heavily wounded.
You constrict the gnoll. You block the gnoll's attack.
You block the gnoll sergeant's attack.
You hit the gnoll.
You kill the gnoll!
Makhleb accepts your kill.
You feel better.
The gnoll sergeant hits you from afar with a +1 spear of venom!
You are poisoned.
Unknown command.
You feel very sick.
The gnoll sergeant hits you with a +1 spear of venom!
* * * LOW HITPOINT WARNING * * *
You are more poisoned.
There is a stone staircase leading up, spattered with blood here.
Items here: ( ))) ††.
You closely miss the gnoll sergeant. You grab the gnoll sergeant.
You squeeze the gnoll sergeant, but do no damage.
The gnoll sergeant is moderately wounded.
You constrict the gnoll sergeant, but do no damage.
You die...

.#........# #..........# #.....#
.#........# #.........#####..##.#
.#..#####.# #.####...........#...
†#..# #.###................#..#
....# #.#...####....####.#.#...
##.## #.#.#.####.........#.#.##
....# #........#...#######.#.#
##..# #.....##.#...# #.#.##
##..######....##@#...# #.#..#
....<.........##.g...#######.##.#
##.#######................##.##..
..... #................##.#...
#####.# #.......♣♣♣♣♣♣♣........P
.. # #.......♣♣♣♣♣♣♣..##.#... .#
#..[##.......♣♣..<#....P .#
#...'........♣♣...####.. #
#...##.PPPP..♣♣...# #.#


You could see a gnoll sergeant.

Vanquished Creatures
  Sigmund (D:2)
  A black bear (D:5)
  An ogre (D:4)
  3 phantoms
  A hound (D:4)
  An orc priest (D:4)
  Jessica (D:2)
  Natasha (thrice) (D:2)
  2 iguanas
  2 orc wizards (D:5)
  4 gnolls
  4 adders
  5 dart slugs
  8 orcs
  7 ball pythons
  9 bats
  11 endoplasms
  4 giant cockroaches
  8 goblins
  5 hobgoblins
  4 jackals (D:2)
  7 quokkas
  7 frilled lizards
  6 kobolds
  5 rats
110 creatures vanquished.

Notes
Turn   | Place    | Note
-------+----------+-------------------------------------------
     0 | D:1      | Kurtz the Octopode Fighter began the quest for the Orb.
     0 | D:1      | Reached XP level 1. HP: 16/16 MP: 1/1
    85 | D:1      | Reached XP level 2. HP: 19/21 MP: 2/2
    93 | D:1      | Found a faded altar of an unknown god.
   104 | D:1      | Reached skill level 3 in Axes
   221 | D:1      | Reached XP level 3. HP: 26/26 MP: 3/3
   577 | D:1      | Reached skill level 4 in Axes
   734 | D:1      | Found Suvu's Magic Scroll Boutique.
   737 | D:1      | Bought a scroll of identify for 20 gold pieces
   942 | D:2      | Noticed Sigmund
   959 | D:2      | Killed Sigmund
   960 | D:2      | Reached skill level 5 in Axes
   960 | D:2      | Reached XP level 4. HP: 17/31 MP: 4/4
   960 | D:2      | Reached XP level 5. HP: 19/36 MP: 5/5
  1138 | D:2      | Reached skill level 6 in Axes
  1156 | D:2      | Noticed Natasha
  1163 | D:2      | Reached XP level 6. HP: 25/42 MP: 6/6
  1165 | D:2      | Killed Natasha
  1371 | D:2      | You fall into a shaft and drop 2 floors!
  1481 | D:4      | Found a staircase to the Ecumenical Temple.
  1496 | Temple   | Entered the Ecumenical Temple
  1503 | Temple   | Became a worshipper of Makhleb the Destroyer
  1681 | D:3      | Found a hazy altar of Hepliaklqana.
  1682 | D:3      | Found an iron altar of Okawaru.
  1682 | D:3      | Found a hide-covered altar of Uskayaw.
  1762 | D:2      | Noticed Jessica
  1771 | D:2      | Killed Jessica
  2025 | D:2      | Reached * piety under Makhleb
  2065 | D:2      | Noticed Natasha
  2074 | D:2      | Killed Natasha
  2132 | D:2      | Noticed Natasha
  2139 | D:2      | Killed Natasha
  2244 | D:3      | Found a snail-covered altar of Cheibriados.
  2312 | D:3      | Found a shadowy altar of Dithmenos.
  2315 | D:3      | Found a glowing silver altar of Zin.
  2315 | D:3      | Found an opulent altar of Gozag.
  2315 | D:3      | Found a shimmering blue altar of Sif Muna.
  2365 | D:3      | Reached skill level 7 in Axes
  2365 | D:3      | Reached skill level 1 in Invocations
  2365 | D:3      | Reached XP level 7. HP: 31/46 MP: 7/7
  3443 | D:5      | Entered Level 5 of the Dungeon
  3452 | D:5      | Found an ancient bone altar of Kikubaaqudgha.
  3473 | D:5      | Found a basalt altar of Yredelemnul.
  3672 | D:5      | Reached skill level 8 in Axes
  3678 | D:5      | Reached XP level 8. HP: 50/52 MP: 9/9
  3796 | D:5      | Succumbed to a gnoll sergeant's poison

Illustrated notes

Levels and vault maps discovered:
D:1:      sevenhm_arrival_forest_fort_small_6, layout_loops_ring,
          shapermc_ecumenical_altar_mp_highgroup, serial_shops,
          nicolae_shop_rolled_up, minmay_split_cup_large
D:2:      layout_rooms, minmay_misc_feat_secret_circle, uniq_sigmund,
          uniq_natasha, uniq_jessica
D:3:      layout_rooms, grunt_temple_overflow_open, dk_vineyard_1, minivault_19,
          minmay_misc_feat_ornament
D:4:      layout_rooms, minmay_temple_entry_purple_smoke
D:5:      layout_basic, yredelemnul_altar_generic, mainiacjoe_overflow_chevrons,
          st_stairs_14
Temple:   hellmonk_temple_micro_hex

Skill      XL: |  1  2  3  4  5  6  7  8 |
---------------+-------------------------+-----
Axes           | 3 5 6 7 8 |  8.2
Invocations    | 1 2 |  2.1
Fighting       | |  3.8
Dodging        | |  3.8
Shields        | |  3.5

Action                     |  1- 3 |  4- 6 |  7- 9 || total
---------------------------+-------+-------+-------++-------
  Melee: War axe           |    64 |    94 |    32 ||   190
         Constrict         |    12 |    18 |    16 ||    46
         Tentacles         |     8 |    17 |    19 ||    44
         Punch             |       |     3 |     3 ||     6
         Mace              |       |       |    63 ||    63
  Evoke: Wand              |       |       |     5 ||     5
    Use: Scroll            |       |       |     8 ||     8
         Potion            |       |       |     4 ||     4
   Stab: Sleeping          |     9 |     9 |     4 ||    22
 Armour: Skin              |    21 |    37 |    61 ||   119
  Dodge: Dodged            |    26 |    51 |    48 ||   125
  Block: Buckler           |    14 |    19 |    20 ||    53

Table legend: (Time is in decaauts)
 A = Elapsed time spent in this place.
 B = Non-inter-level travel time spent in this place.
 C = Inter-level travel time spent in this place.
 D = Time resting spent in this place.
 E = Time spent auto-exploring this place.
 F = Levels seen in this place.
 G = Mean time per level.
                   A        B        C        D        E       F      G
               +--------+--------+--------+--------+--------+-----+--------+
         Total |   3855 |   3631 |    224 |    717 |   2132 |   6 |  642.5 |
       Dungeon |   3843 |   3624 |    219 |    717 |   2132 |   5 |  768.6 |
        Temple |     12 |      7 |      5 |      0 |      0 |   1 |   12.0 |
               +--------+--------+--------+--------+--------+-----+--------+

Top non-repeatable levels by time:
     D:2: 984 daAuts
     D:1: 959 daAuts
     D:3: 940 daAuts
     D:4: 597 daAuts
     D:5: 361 daAuts
  Temple: 12 daAuts
